Map: Orbital Shipyard

Players

Daddy

  • Race: Zerg Zerg
  • League: Gold

Tröbät

  • Race: Zerg Zerg
  • League: Platinum

Kurogan

  • Race: Terran Terran
  • League: Platinum

blocoxine

  • Race: Terran Terran
  • League: Gold

VOD

Have the link to the VOD?

Description

[Awfk] Daddy & Blocoxine
[OC] Tröbät & kurrogan

Time

  • Played on: March 27, 2016, 5:20 p.m.
  • Length: 7:24
Show
View Real Time Build Order
Export as new Build Order

Daddy Zerg 

Build Orders: Hatch First 

Get SALT Encoding   

  12  0:01  Drone  
  13  0:07  Drone  
  14  0:17  Overlord  
  14  0:35  Drone x2  
  16  0:37  Drone  
  17  0:51  Drone  
  18  1:00  Drone  
  18  1:01  Hatchery  
  18  1:07  Extractor  
  17  1:12  Drone  
  18  1:19  Spawning Pool  
  17  1:26  Drone  
  18  1:39  Drone  
  19  1:43  Overlord  
  19  2:00  Drone  
  20  2:06  Queen  
  22  2:10  Drone  
  22  2:15  Metabolic Boost  
  23  2:21  Drone  
  23  2:22  Queen  
  26  2:38  Baneling Nest  
  26  2:39  Drone x2  
  26  2:40  Zergling x6  
  30  2:48  Drone  
  31  2:58  Drone  
  32  2:59  Zergling x2  
  33  3:05  Overlord  
  33  3:17  Drone  
  33  3:18  Drone  
  35  3:20  Zergling x2  
  36  3:29  Evolution Chamber  
  36  3:30  Drone x2  
  36  3:31  Hatchery  
  36  3:32  Drone  
  36  3:34  Drone x2  
  39  3:42  Zergling x4  
  41  3:51  Baneling x4  
  41  3:52  Baneling  
  41  3:58  Drone  
  41  3:59  Extractor  
  41  4:01  Drone x2  
  41  4:02  Drone  
  44  4:04  Overlord x2  
  44  4:20  Zerg Melee Weapons Level 1  
  44  4:24  Zergling x4  
  44  4:25  Zergling x4  
  46  4:38  Drone  
  45  4:40  Drone x2  
  47  4:45  Queen  
  47  4:53  Lair  
  47  4:55  Drone x2  
  49  5:00  Baneling x2  
  49  5:01  Baneling  
  49  5:08  Drone  
  49  5:11  Drone  
  51  5:15  Drone  
  51  5:17  Zergling x16  
  55  5:33  Zergling x2  
  50  5:42  Zergling x2  
  44  5:43  Zergling x14  
  45  5:50  Queen  
  45  5:51  Queen  
  40  6:26  Queen  
  40  6:31  Baneling x2  
Show
View Real Time Build Order
Export as new Build Order

Tröbät Zerg 

Build Orders:  

Get SALT Encoding   

  12  0:01  SCV  
  13  0:13  SCV  
  14  0:17  Supply Depot  
  14  0:25  SCV  
  15  0:39  SCV  
  15  0:41  Barracks  
  16  0:46  Refinery  
  16  0:51  SCV  
  17  1:03  SCV  
  18  1:15  SCV  
  19  1:28  Orbital Command  
  19  1:31  Barracks Reactor  
  19  1:46  Command Center  
  19  1:56  SCV, Supply Depot  
  20  2:08  SCV  
  21  2:09  Marine x2  
  23  2:18  Barracks  
  23  2:20  SCV  
  24  2:29  Marine x2  
  26  2:33  SCV  
  27  2:39  Barracks  
  27  2:47  SCV, Marine x2  
  30  2:58  Orbital Command  
  30  3:03  SCV  
  31  3:06  Barracks Tech Lab  
  31  3:09  Marine x2  
  33  3:18  SCV  
  34  3:25  SCV  
  35  3:27  Barracks Tech Lab  
  35  3:28  Stimpack  
  35  3:30  Marauder  
  35  3:31  Marine x2  
  39  3:38  SCV, Supply Depot  
  39  3:40  SCV  
  41  3:49  Combat Shields, Marine x2  
  41  3:52  Marauder  
  45  3:57  SCV  
  45  3:59  Marauder  
  45  4:02  Supply Depot  
  48  4:03  SCV  
  48  4:07  Marine  
  48  4:08  Marine  
  48  4:09  SCV  
  52  4:15  SCV  
  55  4:24  SCV, Marauder  
  55  4:26  Supply Depot  
  56  4:45  SCV, Marauder, Marine x2  
  61  4:48  Marauder  
  63  4:54  SCV, Supply Depot  
  64  5:02  Marine  
  64  5:03  Factory  
  64  5:04  Refinery  
  64  5:05  Supply Depot  
  64  5:07  Marauder, Marine  
  67  5:09  Marauder, Command Center  
  67  5:12  Concussive Shells  
  70  5:15  SCV  
  70  5:18  Refinery  
  71  5:22  Refinery  
  71  5:28  Supply Depot  
  65  5:29  Marine x2  
  65  5:30  Marauder  
  66  5:43  Marine  
  63  5:51  Marauder  
  64  5:57  Marine x2  
  64  6:01  Marauder  
  68  6:08  Factory Reactor  
  65  6:12  Marine  
  65  6:13  SCV x2  
  65  6:16  Starport  
  65  6:17  Marine x2  
  64  6:22  Marauder  
  64  6:25  Orbital Command  
  62  6:27  Barracks  
  62  6:30  Marine  
  62  6:32  Barracks  
  63  6:35  Barracks, Marine x2  
  65  6:40  SCV x2  
  65  6:44  Supply Depot, Marine  
  66  6:57  Marine x2  
  66  6:58  Marauder  
  69  7:03  Marauder  
  69  7:06  Supply Depot  
  72  7:19  Barracks Reactor  
  74  7:21  Barracks Tech Lab  
  74  7:24  Factory Reactor  
Show
View Real Time Build Order
Export as new Build Order

Kurogan Terran 

Build Orders:  

Get SALT Encoding   

Show
View Real Time Build Order
Export as new Build Order

blocoxine Terran 

Build Orders:  

Get SALT Encoding   

Tags
 
Add a new tag
Caveats
  • Supply blocks, unpowered buildings, or Contaminate may cause inaccurate times.
  • Supply counts are checked every 10 seconds.